 Dungeon Crawl Stone Soup version 0.22-a0-570-g58866f5d57 (webtiles) character file.

22006 Klosterfrau the Cleaver (level 12, -3/112 HPs)
             Began as a Deep Dwarf Fighter on June 30, 2018.
             Was a Priest of Makhleb.
             Slain by Snorg (8 damage)
             ... on level 3 of the Lair of Beasts.
             The game lasted 00:23:39 (12142 turns).

Klosterfrau the Cleaver (Deep Dwarf Fighter)       Turns: 12142, Time: 00:23:40

Health: -3/112     AC: 23    Str: 26    XL:     12   Next: 59%
Magic:  9/9        EV:  8    Int:  8    God:    Makhleb [***...]
Gold:   509        SH: 13    Dex: 14    Spells: 11/11 levels left

rFire    . . .     SeeInvis .   I - +1 hand axe (flame)
rCold    . . .     Gourm    .   c - +0 shield
rNeg     . . .     Faith    .   l - +0 plate armour
rPois    +         Spirit   .   t - +2 helmet
rElec    .         Reflect  .   w - +2 cloak {+Inv}
rCorr    .         Harm     .   o - +1 pair of gloves
MR       +....                  (no boots)
Stlth    ..........             T - amulet of rage
HPRegen  0.00/turn              k - ring of poison resistance
MPRegen  0.11/turn              B - +2 ring of dexterity

@: lethally poisoned (-3 -> -3), non-regenerating
A: damage resistance, heal wounds, sense surroundings 2, no regeneration
a: Heal Wounds, Minor Destruction, Lesser Servant of Makhleb, Renounce Religion,
Evoke Berserk Rage, Evoke Invisibility


You were on level 3 of the Lair of Beasts.
You worshipped Makhleb.
Makhleb was most pleased with you.
You were very hungry.

You visited 3 branches of the dungeon, and saw 15 of its levels.

You collected 949 gold pieces.
You spent 440 gold pieces at shops.

Inventory:

Hand Weapons
 a - a +0 war axe
 s - a -2 hand axe
 y - a +0 war axe
 I - a +1 hand axe of flaming (weapon)
Missiles
 r - 18 tomahawks (quivered)
 z - 5 javelins
Armour
 b - a +0 scale mail
 c - a +0 shield (worn)
 l - a +0 plate armour (worn)
 o - a +1 pair of gloves (worn)
 t - a +2 helmet (worn)
 w - a +2 cloak of invisibility (worn)
Magical Staves
 H - a cursed staff of cold {unknown}
 U - an uncursed staff of power {unknown}
Jewellery
 k - a ring of poison resistance (left hand)
 q - an uncursed ring of ice
 B - a +2 ring of dexterity (right hand)
 T - an amulet of rage (around neck)
 X - an uncursed ring of fire
Wands
 j - a wand of acid (7)
 x - a wand of flame (45)
 G - a wand of iceblast (8)
 L - a wand of paralysis (5)
 V - a wand of polymorph (21)
Scrolls
 e - 6 scrolls of amnesia
 n - 8 scrolls of teleportation
 E - 2 scrolls of remove curse
 F - a scroll of fear
 J - 2 scrolls of holy word
 K - a scroll of acquirement {unknown}
 N - 2 scrolls of random uselessness
 O - a scroll of fog {unknown}
 P - 2 scrolls of magic mapping
 R - a scroll of enchant weapon {unknown}
 W - a scroll of brand weapon {unknown}
 Y - a scroll of identify
Potions
 d - 2 potions of might
 g - 9 potions of curing
 h - a potion of lignification {unknown}
 i - 3 potions of heal wounds
 m - 3 potions of agility
 p - a potion of ambrosia {unknown}
 u - a potion of berserk rage
 v - a potion of resistance {unknown}
 A - 2 potions of cancellation
 C - 2 potions of invisibility
 D - a potion of mutation {unknown}
 M - 2 potions of haste
 Q - 3 potions of flight
Miscellaneous
 S - a lamp of fire
Comestibles
 f - 30 rations
 Z - 4 chunks of flesh


   Skills:
 + Level 8.7 Fighting
 + Level 13.8 Axes
 + Level 9.9 Armour
 + Level 2.5 Dodging
 + Level 11.0 Shields
 * Level 7.9 Evocations


You had 11 spell levels left.
You didn't know any spells.
Your spell library contained the following spells:

 Spells                   Type           Power        Failure   Level  Hunger
 Apportation              Tloc           #.....       100%        1    ##.....
 Summon Small Mammal      Summ           #...         100%        1    ##.....
 Animate Skeleton         Necr           N/A          100%        1    ##.....
 Summon Ice Beast         Ice/Summ       #.......     100%        4    #####..
 Call Imp                 Summ           #.......     100%        2    ###....
 Regeneration             Chrm/Necr      #.........   100%        3    ####...
 Confusing Touch          Hex            #.....       100%        1    ##.....
 Call Canine Familiar     Summ           #.......     100%        3    ####...
 Shroud of Golubria       Chrm/Tloc      #.........   100%        2    ###....
 Infusion                 Chrm           #...         100%        1    ##.....
 Song of Slaying          Chrm           #.......     100%        2    ###....
 Spectral Weapon          Hex/Chrm       #.......     100%        3    ####...
 Summon Lightning Spire   Summ/Air       #.......     100%        4    #####..
 Summon Guardian Golem    Hex/Summ       #.......     100%        3    ####...


Dungeon Overview and Level Annotations

Branches:
Dungeon (11/15)            Temple (1/1) D:7            Lair (3/6) D:11
 Spider (0/4) Lair:2          Orc (0/2) D:10
  Swamp: Lair:2-4    Shoals: Lair:2-4

Altars:
Cheibriados
Fedhas
Gozag
Makhleb
Nemelex Xobeh
Qazlal
Sif Muna
Trog
Vehumet
Yredelemnul
Zin

Shops:
D:10 }

Annotations:
D:6 1 runed door, exclusion: statue
Lair:3 Snorg


Innate Abilities, Weirdness & Mutations

You are resistant to damage.
You can heal yourself by infusing magical energy.
You passively map the area around you.
You do not regenerate.


Message History

* * * LOW HITPOINT WARNING * * *
Snorg claws you. The polar bear bites you!
* * * LOW HITPOINT WARNING * * *
The polar bear claws you but does no damage. x2
You hit Snorg. You burn Snorg.
Snorg is lightly wounded.
You hit the polar bear. You burn the polar bear. You block Snorg's attack.
Snorg barely misses you. You block Snorg's attack. The polar bear bites you!
* * * LOW HITPOINT WARNING * * *
The polar bear claws you but does no damage.
The polar bear barely misses you.
You hit Snorg. You burn Snorg.
Snorg is lightly wounded.
You hit the polar bear. You burn the polar bear.
Snorg bites you but does no damage. You block Snorg's attack.
Snorg barely misses you. The polar bear bites you.
The polar bear claws you but does no damage.
The polar bear barely misses you.
You fail to use your ability.
Snorg bites you!
You die...

#............... *
..................#
,..................,* ,
..........##.#...## * *
, ,..........#.......#
..........#.>.#.. ,, *
,...............# , , ,
......††h..#..## * ,
.......@T†.....## .##
.......#†..#....#*.P *##
,, ,
......######....##.###..
, ,,, ..#...*
##....#.#.... , . #P##*
##....##.... ,, , * ##
##.......# , , #...8...#
* #####.......# , , , *
#.....8...8.#


You could see Snorg (berserk) and a polar bear (berserk).

Vanquished Creatures
  Fannar (D:11)
  3 two-headed ogres
  The ghost of Oki the Spear-Bearer, a novice MfBe of Trog (D:8)
  An unseen horror (D:11)
  A lindwurm (Lair:3)
  The ghost of Fandomethor the Spear-Bearer, a novice MiFi of Okawaru (D:6)
  An ugly thing (D:11)
  2 black mambas (Lair:3)
  Joseph (Lair:1)
  4 spiny frogs
  A rime drake (Lair:2)
  7 komodo dragons
  A troll (D:11)
  4 blink frogs
  Grinder (D:6)
  2 dream sheep (Lair:3)
  A redback (Lair:2)
  6 hippogriffs
  A shadow (D:11)
  14 yaks
  4 basilisks
  A vampire mosquito (D:8)
  Edmund (D:6)
  Menkaure (D:6)
  2 water moccasins (Lair:2)
  4 orc warriors
  5 porcupines
  2 sky beasts (D:6)
  Duvessa (D:6)
  3 ice beasts
  An eye of draining (D:10)
  2 necrophages
  2 black bears
  10 ogres
  3 wolves
  3 crocodiles
  8 centaurs
  3 big kobolds
  7 bullfrogs
  A gnoll sergeant (D:7)
  A water moccasin zombie (D:7)
  Dowan (D:6)
  4 scorpions
  6 killer bees (D:8)
  3 bullfrog zombies
  2 crimson imps
  A quasit (D:11)
  5 hounds
  3 centaur skeletons
  3 gnoll shamans
  A jelly (D:7)
  A bullfrog skeleton (D:10)
  2 orc priests
  8 orc wizards
  2 iguanas
  Natasha (thrice) (D:3)
  8 worker ants
  Robin (D:2)
  A howler monkey skeleton (D:10)
  16 gnolls
  9 adders
  2 river rats (D:6)
  3 shadow imps
  2 oozes
  An adder zombie (D:9)
  An adder skeleton (D:4)
  5 worms
  12 dart slugs
  5 leopard geckos
  35 orcs
  3 ball pythons
  8 bats
  4 giant cockroaches
  14 goblins
  5 hobgoblins
  10 jackals
  19 kobolds
  4 quokkas
  2 ball python zombies
  5 frilled lizards
  A giant cockroach zombie (D:3)
  A jackal skeleton (D:5)
  A quokka skeleton (D:4)
  2 quokka zombies
  10 rats
354 creatures vanquished.

Vanquished Creatures (others)
  11 plants (D:11)
11 creatures vanquished.

Grand Total: 365 creatures vanquished

Notes
Turn   | Place    | Note
-------+----------+-------------------------------------------
     0 | D:1      | Klosterfrau the Deep Dwarf Fighter began the quest for the Orb.
     0 | D:1      | Reached XP level 1. HP: 20/20 MP: 1/1
   226 | D:1      | Reached skill level 3 in Axes
   516 | D:1      | Reached XP level 2. HP: 17/27 MP: 2/2
   774 | D:2      | Reached XP level 3. HP: 19/33 MP: 3/3
   890 | D:2      | Reached skill level 4 in Axes
   940 | D:2      | Found a snail-covered altar of Cheibriados.
  1026 | D:2      | Noticed Robin
  1041 | D:2      | Reached XP level 4. HP: 18/40 MP: 4/4
  1051 | D:2      | Killed Robin
  1051 | D:2      | Reached skill level 5 in Axes
  1495 | D:3      | Noticed Natasha
  1570 | D:3      | Found a faded altar of an unknown god.
  1689 | D:3      | Reached skill level 6 in Axes
  1689 | D:3      | Reached XP level 5. HP: 16/46 MP: 5/5
  2119 | D:3      | Killed Natasha
  2125 | D:3      | Noticed Natasha
  2133 | D:3      | Killed Natasha
  2154 | D:3      | Noticed Natasha
  2159 | D:3      | Killed Natasha
  2159 | D:3      | Reached skill level 1 in Dodging
  2159 | D:3      | Reached XP level 6. HP: 23/55 MP: 6/6
  2352 | D:4      | Found a stormy altar of Qazlal.
  2355 | D:4      | Found a blossoming altar of Fedhas.
  2868 | D:4      | Noticed a moth of wrath
  2871 | D:4      | Found a bloodstained altar of Trog.
  2893 | D:4      | Reached skill level 7 in Axes
  2953 | D:5      | Entered Level 5 of the Dungeon
  2993 | D:5      | Reached XP level 7. HP: 40/62 MP: 7/7
  3324 | D:5      | Found a glowing drain.
  3711 | D:6      | Noticed Edmund
  3765 | D:6      | Killed Edmund
  3765 | D:6      | Reached skill level 8 in Axes
  3765 | D:6      | Reached skill level 5 in Shields
  3765 | D:6      | Reached XP level 8. HP: 46/72 MP: 7/7
  4022 | D:6      | Reached skill level 5 in Armour
  4071 | D:6      | Noticed Menkaure
  4100 | D:6      | Killed Menkaure
  4107 | D:6      | Found a runed door.
  4108 | D:6      | Found a sparkling altar of Nemelex Xobeh.
  4112 | D:6      | Noticed Fandomethor's ghost (novice MiFi)
  4264 | D:6      | Killed Fandomethor's ghost
  4264 | D:6      | Reached skill level 9 in Axes
  4264 | D:6      | Reached skill level 1 in Evocations
  4264 | D:6      | Gained mutation: You passively map the area around you. [Deep Dwarf growth]
  4264 | D:6      | Reached XP level 9. HP: 36/80 MP: 7/7
  4270 | D:6      | Found a runed door.
  4584 | D:6      | Found a radiant altar of Vehumet.
  4719 | D:6      | Noticed Duvessa
  4720 | D:6      | Noticed Dowan
  4766 | D:6      | Killed Duvessa
  4780 | D:6      | Killed Dowan
  4811 | D:6      | Noticed Grinder
  4835 | D:6      | Found an opulent altar of Gozag.
  4854 | D:6      | Paralysed by Grinder for 2 turns
  4869 | D:6      | Paralysed by Grinder for 7 turns
  4884 | D:6      | Killed Grinder
  4884 | D:6      | Reached skill level 5 in Fighting
  5073 | D:7      | Found a glowing silver altar of Zin.
  5357 | D:7      | Reached skill level 10 in Axes
  5742 | D:7      | Found a staircase to the Ecumenical Temple.
  5943 | Temple   | Entered the Ecumenical Temple
  5977 | Temple   | Became a worshipper of Makhleb the Destroyer
  6039 | D:8      | Found a runed door.
  6039 | D:8      | Noticed Oki's ghost (novice MfBe)
  6059 | D:8      | Reached XP level 10. HP: 30/90 MP: 8/8
  6087 | D:8      | Killed Oki's ghost
  6087 | D:8      | Reached skill level 11 in Axes
  6144 | D:8      | HP: 4/91 [ogre/giant spiked club (15)]
  6581 | D:8      | Reached * piety under Makhleb
  7186 | D:9      | Noticed a two-headed ogre
  7202 | D:9      | Killed a two-headed ogre
  7999 | D:10     | Entered Level 10 of the Dungeon
  8149 | D:10     | Found Fonkecog's Gadget Emporium.
  8152 | D:10     | Bought a lamp of fire for 440 gold pieces
  8187 | D:10     | Reached XP level 11. HP: 50/100 MP: 0/7
  8552 | D:10     | Found a staircase to the Orcish Mines.
  8685 | D:10     | Reached skill level 12 in Axes
  8721 | D:10     | Noticed a two-headed ogre
  8736 | D:10     | Killed a two-headed ogre
  9298 | D:11     | Found a staircase to the Lair.
  9358 | D:11     | Noticed a two-headed ogre
  9368 | D:11     | Killed a two-headed ogre
  9368 | D:11     | Reached ** piety under Makhleb
  9403 | D:11     | Noticed Fannar
  9405 | D:11     | Noticed a brown ugly thing
  9416 | D:11     | Killed a brown ugly thing
  9424 | D:11     | Killed Fannar
  9424 | D:11     | Reached skill level 10 in Shields
  9864 | D:11     | Killed an unseen horror
 10048 | Lair:1   | Entered Level 1 of the Lair of Beasts
 10089 | Lair:1   | Reached skill level 5 in Evocations
 10220 | Lair:1   | Noticed Joseph
 10248 | Lair:1   | Reached skill level 13 in Axes
 10253 | Lair:1   | Killed Joseph
 10569 | Lair:1   | Reached XP level 12. HP: 110/110 MP: 10/10
 11143 | Lair:2   | Found a dark tunnel.
 11252 | Lair:2   | Found a hole to the Spider Nest.
 11575 | Lair:2   | Reached *** piety under Makhleb
 12114 | Lair:3   | Noticed Snorg
 12140 | Lair:3   | HP: 5/112 [polar bear (2)]
 12142 | Lair:3   | Slain by Snorg

Vault maps used:
D:1:      lemuel_arrival_broad_hall
D:2:      kennysheep_slug_shrine, first_ration, serial_bayou,
          serial_bayou_shore_b, serial_bayou_pond_c, serial_bayou_ford_a,
          serial_bayou_pond_e, uniq_robin
D:3:      kennysheep_slugbush, chequers_ecumenical_altar_simple_redux,
          supply_closet_lemuel, uniq_natasha
D:4:      grunt_temple_overflow_forces_of_nature, tgw_trog, amethyst_killhole,
          minmay_misc_feat_secret_circle
D:5:      gup_sewer_entry_bowl
D:6:      lemuel_crystal_altar, nemelex_xobeh_ov_fountains_minmay,
          vehumet_statue, ebering_ghost_sewer_f, uniq_edmund, uniq_menkaure,
          uniq_grinder, uniq_duvessa
D:7:      kennysheep_housing_project, lemuel_round_altar, temple_hall
D:8:      ebering_ghost_inner_flame
D:10:     orc_0_dummy, serial_shops, kennysheep_mini_moat
D:11:     david_lair_shrubbed, uniq_fannar
Temple:   minmay_temple_curvy_branch
Lair:1:   lemuel_fruit_tree, serial_bayou_shore_b, uniq_joseph
Lair:2:   spider_nest_entry_webs, nicolae_volcano_entry_lava_flow,
          columned_hall_lemuel, grunt_megastairs_2
Lair:3:   lab_entry_generic, hangedman_lair_generics_rect, grunt_megastairs_4,
          lemuel_fruit_fields, uniq_snorg

Skill      XL: |  1  2  3  4  5  6  7  8  9 10 11 12 |
---------------+-------------------------------------+-----
Axes           | 3 4 6 7 8 9 10 11 13 | 13.8
Dodging        | 1 2 |  2.5
Fighting       | 3 4 6 7 8 |  8.7
Shields        | 4 5 6 7 9 10 11 | 11.0
Armour         | 4 5 7 8 9 |  9.9
Evocations     | 1 5 7 |  7.9

Action                   |  1- 3 |  4- 6 |  7- 9 | 10-12 || total
-------------------------+-------+-------+-------+-------++-------
Melee: War axe           |    88 |   139 |   173 |    56 ||   456
       Hand axe          |       |   126 |   516 |   867 ||  1509
Throw: Tomahawk          |       |     3 |     4 |       ||     7
 Abil: Heal Wounds       |       |     5 |    12 |    13 ||    30
Evoke: Wand              |       |     1 |     5 |     7 ||    13
       Lamp of fire      |       |       |       |     1 ||     1
  Use: Scroll            |       |     3 |     5 |    10 ||    18
 Stab: Paralysed         |       |       |       |     3 ||     3
       Held in net/web   |       |       |       |     2 ||     2
  Eat: Chunk             |       |     7 |    11 |    20 ||    38
Armor: Scale mail        |    72 |    87 |       |       ||   159
       Plate armour      |       |    65 |   346 |   466 ||   877
Dodge: Dodged            |    43 |    70 |   104 |   183 ||   400
Block: Shield            |    74 |   146 |   333 |   534 ||  1087

Table legend:
 A = Spawn XP
 B = Non-spawn XP
 C = Spawn XP percentage of total XP
 D = Spawn monster count
 E = Non-spawn monster count
 F = Spawn count percentage of total count
 G = Total turns spent on level
                    A         B        C        D         E        F      G
               +---------+---------+-------+---------+---------+-------+---------
         Total |       0 |   31438 |   0.0 |       0 |     354 |   0.0 | 12142
               +---------+---------+-------+---------+---------+-------+---------
           D:1 |       0 |      14 |   0.0 |       0 |      10 |   0.0 |   692
           D:2 |       0 |     107 |   0.0 |       0 |      26 |   0.0 |   815
           D:3 |       0 |     282 |   0.0 |       0 |      42 |   0.0 |   774
           D:4 |       0 |     217 |   0.0 |       0 |      19 |   0.0 |   672
           D:5 |       0 |     633 |   0.0 |       0 |      24 |   0.0 |   604
           D:6 |       0 |    2219 |   0.0 |       0 |      29 |   0.0 |  1476
           D:7 |       0 |    1899 |   0.0 |       0 |      45 |   0.0 |   935
           D:8 |       0 |    2176 |   0.0 |       0 |      31 |   0.0 |  1113
           D:9 |       0 |    2032 |   0.0 |       0 |      23 |   0.0 |   858
          D:10 |       0 |    2847 |   0.0 |       0 |      27 |   0.0 |  1138
          D:11 |       0 |    5922 |   0.0 |       0 |      23 |   0.0 |   911
        Lair:1 |       0 |    3662 |   0.0 |       0 |      18 |   0.0 |  1039
        Lair:2 |       0 |    4716 |   0.0 |       0 |      21 |   0.0 |   907
        Lair:3 |       0 |    4712 |   0.0 |       0 |      16 |   0.0 |   148
               +---------+---------+-------+---------+---------+-------+---------
